 Dungeon Crawl Stone Soup version 0.29-a0-1033-gb6c65ffae6 (webtiles) character file.

Game seed: 7128170830819696623

660 siradein the Shooter (level 7, -6/60 HPs)
             Began as a Hill Orc Hunter on Aug 15, 2022.
             Was an Initiate of Fedhas.
             Mangled by a water moccasin (7 damage)
             ... on level 5 of the Dungeon.
             The game lasted 00:07:38 (4549 turns).

siradein the Shooter (Hill Orc Hunter)              Turns: 4549, Time: 00:07:38

Health: -6/60      AC:  7    Str: 14    XL:     7   Next: 56%
Magic:  8/8        EV: 13    Int:  9    God:    Fedhas [......]
Gold:   138        SH:  0    Dex: 16    Spells: 6/6 levels left

rFire   . . .      SeeInvis .   a - +0 shortbow
rCold   . . .      Faith    .   (shield currently unavailable)
rNeg    . . .      Spirit   .   q - +0 leather armour of Henotheism {Fly Will+}
rPois   .          Reflect  .   (no helmet)
rElec   .          Harm     .   (no cloak)
rCorr   .          Rampage  .   (no gloves)
Will    +....                   (no boots)
Stlth   ++........              (no amulet)
HPRegen 0.20/turn               o - +4 ring of protection
MPRegen 0.11/turn               (no ring)

@: lethally poisoned (-6 -> -10), flying
A: no striking features
a: Renounce Religion


You were on level 5 of the Dungeon.
You worshipped Fedhas.
Fedhas was noncommittal.
You visited 2 branches of the dungeon, and saw 7 of its levels.

You collected 292 gold pieces.
You spent 154 gold pieces at shops.

Inventory:

Hand Weapons
 a - a +0 shortbow (weapon)
Armour
 q - the +0 leather armour of Henotheism (worn) {Fly Will+}
   (You bought it in a shop on level 3 of the Dungeon)

   Fly:       It grants you flight.
   Will:      It increases your willpower.
Jewellery
 o - a +4 ring of protection (left hand)
Scrolls
 b - a scroll of immolation
 c - a scroll of brand weapon {unknown}
 e - a scroll of acquirement {unknown}
 h - 2 scrolls of noise {unknown}
 i - 2 scrolls of enchant armour {unknown}
 k - a scroll of identify {unknown}
 l - a scroll of magic mapping {unknown}
 m - a scroll of summoning {unknown}
 s - a scroll of teleportation {unknown}
Potions
 d - a potion of curing {unknown}
 f - 2 potions of lignification {unknown}
 g - 2 potions of heal wounds {unknown}
 j - a potion of ambrosia {unknown}
 n - a potion of mutation {unknown}
 p - a potion of berserk rage {unknown}
 r - a potion of degeneration {unknown}


   Skills:
 + Level 4.8 Fighting
 + Level 4.8 Ranged Weapons
 + Level 3.2 Armour
 + Level 3.2 Dodging
 + Level 3.1 Stealth
 + Level 2.5 Invocations


You had 6 spell levels left.
You didn't know any spells.
Your spell library contained the following spells:

 Spells                   Type           Power      Damage    Failure   Level
 Shock                    Conj/Air       0%         1d3       45%         1
 Blink                    Tloc           0%         N/A       58%         2
 Lesser Beckoning         Tloc           0%         N/A       83%         3
 Swiftness                Air            0%         N/A       83%         3
 Airstrike                Air            0%         2d(0-16)  99%         4
 Manifold Assault         Tloc           0%         N/A       100%        5


Dungeon Overview and Level Annotations

Branches:
Dungeon (6/15)             Temple (1/1) D:4

Altars:
Ashenzari
Dithmenos
Elyvilon
Fedhas
Gozag
Hepliaklqana
Kikubaaqudgha
Okawaru
Qazlal
Ru
Sif Muna
Vehumet
Wu Jian
Xom
Yredelemnul
Zin

Shops:
D:3 [


Message History

Press: ? - help, Q - select action Shift-Dir - straight line, f/p - water moccasin
Aim: a water moccasin (severely wounded, 48% to hit)
You shoot an arrow. The arrow hits the water moccasin!
The water moccasin is almost dead.
You feel very sick. The water moccasin barely misses you.
The water moccasin bites you but does no damage.
Fire: a) +0 shortbow
Press: ? - help, Q - select action Shift-Dir - straight line, f/p - water moccasin
Aim: a water moccasin (almost dead, 48% to hit)
You shoot an arrow.
The arrow barely misses the water moccasin.
You feel very sick. The water moccasin closely misses you.
The water moccasin bites you but does no damage.
Fire: a) +0 shortbow
Press: ? - help, Q - select action Shift-Dir - straight line, f/p - water moccasin
Aim: a water moccasin (almost dead, 48% to hit)
You shoot an arrow. The arrow hits the water moccasin.
The water moccasin is almost dead.
You feel very sick.
The water moccasin bites you but does no damage.
The water moccasin closely misses you.
Fire: a) +0 shortbow
Press: ? - help, Q - select action Shift-Dir - straight line, f/p - water moccasin
Aim: a water moccasin (almost dead, 48% to hit)
You shoot an arrow.
The arrow barely misses the water moccasin.
You feel sick. The water moccasin bites you!
* * * LOW HITPOINT WARNING * * *
The water moccasin bites you but does no damage.
Fire: a) +0 shortbow
Press: ? - help, Q - select action Shift-Dir - straight line, f/p - water moccasin
Aim: a water moccasin (almost dead, 48% to hit)
You shoot an arrow.
The arrow closely misses the water moccasin.
* * * LOW HITPOINT WARNING * * *
You feel sick. The water moccasin bites you!
You die...
Fedhas appreciates your contribution to the ecosystem.

# #.# #######.####
##.........#
#.#.##..#.# # #..#.#
....#.# ..##.#.#
#..##.#.###########
#
..........##.S@....#
#
###.#####.#..#####.#
#####.# #..........#
......# #.###.###...
####### #.# ... #
#.# ...# # ... >....
# #.# ...#.# # ..#
...#.#


You could see a water moccasin.

Vanquished Creatures
  An ice beast (D:5)
  2 scorpions
  An orc priest (D:3)
  3 hounds
  An iguana (D:5)
  2 orc wizards (D:5)
  8 gnolls
  5 adders
  An ufetubus (D:5)
  2 worms (D:3)
  4 dart slugs
  12 orcs
  11 ball pythons
  7 bats
  9 endoplasms
  3 giant cockroaches
  7 goblins
  8 hobgoblins
  4 jackals (D:2)
  6 kobolds
  6 quokkas
  2 frilled lizards (D:1)
  3 rats
108 creatures vanquished.

Notes
Turn   | Place    | Note
-------+----------+-------------------------------------------
     0 | D:1      | siradein the Hill Orc Hunter began the quest for the Orb.
     0 | D:1      | Reached XP level 1. HP: 18/18 MP: 1/1
    21 | D:1      | Reached skill level 1 in Stealth
    77 | D:1      | Reached XP level 2. HP: 25/25 MP: 2/2
   321 | D:1      | Found a faded altar of an unknown god.
   424 | D:1      | Reached XP level 3. HP: 30/30 MP: 3/3
  1173 | D:2      | Reached skill level 1 in Armour
  1296 | D:2      | Reached XP level 4. HP: 38/38 MP: 4/4
  2017 | D:3      | Reached XP level 5. HP: 6/45 MP: 5/5
  2392 | D:3      | Found an opulent altar of Gozag.
  2527 | D:3      | Found Woowif's Antique Armour Shop.
  2535 | D:3      | Bought a masterwork leather armour for 154 gold pieces
  2535 | D:3      | Identified the +0 leather armour of Henotheism {Fly Will+}
                  | (You bought it in a shop on level 3 of the Dungeon)
  2787 | D:4      | Reached XP level 6. HP: 52/52 MP: 6/6
  2806 | D:4      | Found a staircase to the Ecumenical Temple.
  2872 | Temple   | Entered the Ecumenical Temple
  2897 | Temple   | Became a worshipper of Fedhas Madash
  3292 | D:4      | Reached skill level 1 in Invocations
  3820 | D:4      | You are sucked into a shaft and drop 2 floors!
  3863 | D:5      | Entered Level 5 of the Dungeon
  3876 | D:5      | Reached XP level 7. HP: 55/60 MP: 6/8
  4548 | D:5      | HP: 1/60 [water moccasin (8)]
  4549 | D:5      | Mangled by a water moccasin

Illustrated notes

Levels and vault maps discovered:
D:1:      erik_arrival_blinker_ship, layout_basic, ebering_ecumenical_altar_webs
D:2:      layout_basic
D:3:      layout_rooms, mainiacjoe_overflow_small_starburst, serial_shops, shop
D:4:      layout_rooms, minmay_temple_entry_stoned_glass, kennysheep_cross_room
D:5:      layout_loops_cross, ebering_ghost_sewer_d, st_stairs_3
D:6:      kennysheep_six_static_rooms, layout_loops_ring,
          gammafunk_temple_overflow_arena
Temple:   hellmonk_temple_of_storms

Skill      XL: |  1  2  3  4  5  6  7 |
---------------+----------------------+-----
Stealth        | 1 2 3 |  3.1
Fighting       | 3 4 |  4.8
Dodging        | 2 3 |  3.2
Armour         | 1 2 3 |  3.2
Ranged Weapons | 4 |  4.8
Invocations    | 1 2 |  2.5

Action                   |  1- 3 |  4- 6 |  7- 9 || total
-------------------------+-------+-------+-------++-------
 Fire: Shortbow          |   111 |   211 |    86 ||   408
Armor: Leather armour    |    13 |    32 |    33 ||    78
Dodge: Dodged            |    38 |   101 |    39 ||   178

Table legend: (Time is in decaauts)
 A = Elapsed time spent in this place.
 B = Non-inter-level travel time spent in this place.
 C = Inter-level travel time spent in this place.
 D = Time resting spent in this place.
 E = Time spent auto-exploring this place.
 F = Levels seen in this place.
 G = Mean time per level.
                   A        B        C        D        E       F      G
               +--------+--------+--------+--------+--------+-----+--------+
         Total |   4681 |   4576 |    105 |      0 |   3812 |   7 |  668.7 |
       Dungeon |   4633 |   4534 |     99 |      0 |   3790 |   6 |  772.2 |
        Temple |     47 |     41 |      6 |      0 |     22 |   1 |   47.0 |
               +--------+--------+--------+--------+--------+-----+--------+

Top non-repeatable levels by time:
     D:3: 1264 daAuts
     D:1: 1128 daAuts
     D:2: 752 daAuts
     D:4: 730 daAuts
     D:5: 714 daAuts
  Temple: 47 daAuts
     D:6: 42 daAuts
